 Dungeon Crawl Stone Soup version 0.20-a0-923-g548304e (console) character file.

1255 pagos the Cruncher (level 8, -13/44 HPs)
             Began as a Gargoyle Gladiator on Mar 26, 2017.
             Was a Follower of Okawaru.
             Mangled by an ogre
             ... wielding a cursed -2 giant club
              (19 damage)
             ... on level 5 of the Dungeon.
             The game lasted 00:07:18 (4728 turns).

pagos the Cruncher (Gargoyle Gladiator)             Turns: 4728, Time: 00:07:19

Health: -13/44     AC: 12    Str: 20    XL:     8   Next: 51%
Magic:  8/8        EV: 10    Int:  9    God:    Okawaru [*.....]
Gold:   410        SH:  0    Dex: 11    Spells: 7/7 levels left

rFire    . . .     SeeInvis .   a - +0 quarterstaff
rCold    . . .     Gourm    .   (shield currently unavailable)
rNeg     + . .     Faith    +   e - +0 scale mail
rPois    ∞         Spirit   .   c - +0 helmet
rElec    +         Reflect  .   (no cloak)
rCorr    .         Harm     .   (no gloves)
MR       .....                  (no boots)
Stlth    ..........             q - amulet of faith
Regen    0.2/turn               (no ring)
MPRegen  0.2/turn               (no ring)

@: no status effects
A: negative energy resistance 1, electricity resistance, unbreathing,
petrification resistance, rot immunity, AC +5
a: Heroism, Renounce Religion


You were on level 5 of the Dungeon.
You worshipped Okawaru.
Okawaru was aware of your devotion.
You were not hungry.

You visited 2 branches of the dungeon, and saw 6 of its levels.

You collected 410 gold pieces.

Inventory:

Hand Weapons
 a - a +0 quarterstaff (weapon)
Missiles
 d - 3 throwing nets (quivered)
Armour
 c - a +0 helmet (worn)
 e - a +0 scale mail (worn)
Jewellery
 q - an amulet of faith (around neck)
Scrolls
 g - a scroll of recharging {unknown}
 k - 11 scrolls of identify {unknown}
 l - 2 scrolls of magic mapping {unknown}
 m - 5 scrolls of remove curse {unknown}
 n - 6 scrolls of teleportation {unknown}
 r - a scroll of enchant armour {unknown}
 s - a scroll of enchant weapon {unknown}
 t - a scroll of fog {unknown}
Potions
 b - a potion of brilliance {unknown}
 o - a potion of magic {unknown}
 p - a potion of heal wounds {unknown}
 u - a potion of agility {unknown}
 v - a potion of lignification {unknown}
 w - a potion of mutation {unknown}
Comestibles
 f - 3 bread rations
 h - 3 meat rations
 i - 7 fruits
 j - 2 royal jellies


   Skills:
 - Level 2.1 Fighting
 * Level 10.4 Staves
 - Level 1.7 Throwing
 - Level 2.4 Dodging


You had 7 spell levels left.
You didn't know any spells.

Dungeon Overview and Level Annotations

Branches:
Dungeon (5/15)             Temple (1/1) D:5

Altars:
Ashenzari
Cheibriados
Dithmenos
Elyvilon
Fedhas
Gozag
Hepliaklqana
Nemelex Xobeh
Okawaru
Qazlal
Ru
Sif Muna
Uskayaw
Vehumet
Wu Jian
Xom
Zin
The Shining One


Innate Abilities, Weirdness & Mutations

You are resistant to torment.
Your stone body is resilient. (AC +5)
You are immune to poison.
You resist negative energy. (rN+)
You are resistant to electric shocks. (rElec)
You can survive without breathing.
You are immune to petrification.
You are immune to rotting.


Message History

Okawaru accepts your kill.
No target in view!
An ogre comes into view. It is wielding a giant club.
The ogre shouts!
The ogre hits you with a giant club!
You are too injured to fight recklessly!
You are too injured to fight recklessly!
You are too injured to fight recklessly!
You are too injured to fight recklessly!
You are too injured to fight recklessly!
You sock the ogre!
The ogre is moderately wounded.
You hit the ogre.
The ogre is moderately wounded.
The ogre hits you with a giant club!
* * * LOW HITPOINT WARNING * * *
You hit the ogre.
The ogre is heavily wounded.
The ogre hits you with a giant club!!
You die...

.#........##..#
#........###.##
#......##..##
###...##....##
#......PP..#
#####..♣P..#
##....## ##...#
###.## #@.#
##O# ..# #.# ##


You could see an ogre.

Vanquished Creatures
  The ghost of Hazael the Conjurer, an amateur DECj of Vehumet (D:4)
  Menkaure (D:5)
  A sky beast (D:5)
  2 centaurs (D:5)
  An ogre (D:4)
  A scorpion (D:5)
  A howler monkey (D:4)
  2 crimson imps (D:5)
  3 hounds
  3 orc wizards
  A bullfrog skeleton (D:5)
  3 orc priests (D:5)
  A worker ant (D:4)
  A hound skeleton (D:5)
  5 adders
  A shadow imp (D:4)
  2 worms
  2 dart slugs
  2 leopard geckos
  18 orcs
  3 giant cockroaches
  A goblin (D:1)
  7 hobgoblins
  7 jackals
  3 bats
  10 frilled lizards
  A jackal skeleton (D:5)
  8 kobolds
  A leopard gecko zombie (D:3)
  7 rats
  A fungus (D:1)
101 creatures vanquished.

Notes
Turn   | Place    | Note
-------+----------+-------------------------------------------
     0 | D:1      | pagos the Gargoyle Gladiator began the quest for the Orb.
     0 | D:1      | Reached XP level 1. HP: 12/12 MP: 1/1
   465 | D:1      | Reached XP level 2. HP: 17/17 MP: 2/2
   673 | D:1      | Found a snail-covered altar of Cheibriados.
   960 | D:2      | Reached skill level 4 in Staves
   995 | D:2      | Reached XP level 3. HP: 21/21 MP: 3/3
  1439 | D:2      | Found an opulent altar of Gozag.
  1943 | D:3      | Reached XP level 4. HP: 24/26 MP: 4/4
  1973 | D:3      | Found a glowing golden altar of the Shining One.
  1975 | D:3      | Reached skill level 5 in Staves
  2674 | D:4      | Reached XP level 5. HP: 21/30 MP: 5/5
  2678 | D:4      | Reached skill level 6 in Staves
  3039 | D:4      | Noticed Hazael's ghost (amateur DECj)
  3069 | D:4      | Reached XP level 6. HP: 9/35 MP: 6/6
  3083 | D:4      | Killed Hazael's ghost
  3083 | D:4      | Reached skill level 7 in Staves
  3349 | D:4      | Found a hazy altar of Hepliaklqana.
  3374 | D:4      | Reached XP level 7. HP: 29/40 MP: 7/7
  3486 | D:4      | Reached skill level 8 in Staves
  3783 | D:4      | Found a shattered altar of Ashenzari.
  3910 | D:5      | Entered Level 5 of the Dungeon
  4012 | D:5      | Found a staircase to the Ecumenical Temple.
  4014 | D:5      | HP: 2/40 [centaur/arrow (2)]
  4024 | D:5      | Reached skill level 9 in Staves
  4031 | Temple   | Entered the Ecumenical Temple
  4196 | Temple   | Became a worshipper of Warmaster Okawaru
  4245 | D:5      | Reached XP level 8. HP: 21/44 MP: 8/8
  4273 | D:5      | Noticed Menkaure
  4283 | D:5      | Killed Menkaure
  4583 | D:5      | Reached skill level 10 in Staves
  4610 | D:5      | Reached * piety under Okawaru
  4728 | D:5      | Mangled by an ogre

Vault maps used:
D:1:      lightli_arrival_lavapool, minmay_gold_behind_fungi,
          kennysheep_flooded_box, minmay_pentomino_w4
D:2:      grunt_gozag_statues
D:3:      old_standard_altar
D:4:      lemuel_coloured_pillars_altar, kennysheep_mini
D:5:      minmay_temple_entry_statues_pillars, serial_park, serial_park_square2,
          serial_park_tiny_1, serial_park_gazebo, first_bread,
          minmay_misc_feat_more_columns, uniq_menkaure
Temple:   eino_narrow_crystal_temple

Skill      XL: |  1  2  3  4  5  6  7  8 |
---------------+-------------------------+-----
Staves         | 4 5 6 7 9 10 | 10.4
Fighting       | |  2.1
Throwing       | |  1.7
Dodging        | |  2.4

Action                   |  1- 3 |  4- 6 |  7- 9 || total
-------------------------+-------+-------+-------++-------
Melee: Quarterstaff      |   141 |   116 |   183 ||   440
  Use: Potion            |       |     3 |     2 ||     5
  Eat: Chunk             |     3 |     1 |     3 ||     7
       Bread ration      |       |     1 |       ||     1
       Fruit             |       |     1 |       ||     1
Armor: Scale mail        |    73 |    70 |    80 ||   223
Dodge: Dodged            |    67 |    61 |    63 ||   191
